 Dungeon Crawl Stone Soup version 0.26-a0-20-g5f92b90fa0 (webtiles) character file.

Game seed: 3458094923697626778, levelgen mode: deterministic

14 Esekla the Cutter (level 2, 0/16 HPs)
             Began as a Deep Elf Wanderer on May 25, 2020.
             Slain by a hound (3 damage)
             ... on level 4 of the Dungeon.
             The game lasted 00:05:18 (1239 turns).

Esekla the Cutter (Deep Elf Wanderer)               Turns: 1239, Time: 00:05:19

Health: 0/16       AC:  2    Str:  7    XL:     2   Next: 27%
Magic:  4/4        EV: 13    Int: 15    God:
Gold:   63         SH:  0    Dex: 17    Spells: 1/1 levels left

rFire    . . .     SeeInvis .   a - +2 dagger
rCold    . . .     Gourm    .   (no shield)
rNeg     . . .     Faith    .   f - +0 robe
rPois    +         Spirit   .   (no helmet)
rElec    .         Reflect  .   (no cloak)
rCorr    .         Harm     .   (no gloves)
MR       .....                  (no boots)
Stlth    ++........             (no amulet)
HPRegen  0.05/turn              h - ring of poison resistance
MPRegen  0.09/turn              (no ring)

@: no status effects
A: no striking features
a: no special abilities


You were on level 4 of the Dungeon.
You were hungry.

You visited 1 branch of the dungeon, and saw 4 of its levels.

You collected 63 gold pieces.

Inventory:

Hand Weapons
 a - a +2 dagger (weapon)
 c - a +0 spear
 e - a +0 dagger
Missiles
 d - 7 poisoned darts (quivered)
Armour
 f - a +0 robe (worn)
Jewellery
 h - a ring of poison resistance (left hand)
Scrolls
 j - a scroll of remove curse {unknown}
 k - 2 scrolls of identify {unknown}
 l - a scroll of random uselessness {unknown}
 m - 2 scrolls of fear {unknown}
Potions
 b - a potion of heal wounds
 i - 2 potions of haste {unknown}
 n - a potion of lignification {unknown}
 o - a potion of brilliance {unknown}
 p - a potion of invisibility {unknown}
Comestibles
 g - 3 rations


   Skills:
 - Level 1.5 Fighting
 * Level 2.8 Short Blades
 - Level 1.3 Polearms
 - Level 1.0 Throwing
 + Level 2.6 Dodging
 + Level 1.3 Stealth


You had one spell level left.
You didn't know any spells.
Your spell library was empty.

Dungeon Overview and Level Annotations

Branches:
Dungeon (4/15)
 Temple: D:4-7

Altars:

Shops:
D:4 *


Message History

You hit the hound but do no damage.
The hound is lightly wounded.
The hound barely misses you.
You hit the hound.
The hound is moderately wounded.
The hound bites you but does no damage. The hound bites you.
You barely miss the hound.
The hound is moderately wounded.
The hound looks more healthy.
The hound misses you.
You hit the hound.
The hound is moderately wounded.
The hound bites you.
* * * LOW HITPOINT WARNING * * *
A hound comes into view.
The hound barks!
The hound closely misses you.
You hit the hound but do no damage.
The hound is moderately wounded.
The hound bites you but does no damage. The hound bites you.
You die...

.........(## #
#.........# #.
#....[....## ### #..
#....(.....##.....
.##..##.#....#.#.8.∩.8..
......#.#....#.<###.#.#.
#...h.......##
####h######## #@#
#.......# #.##.##.# ..
#.# .. ..# ..# #.. # ###
.


You could see 2 hounds.

Vanquished Creatures
  A leopard gecko (D:1)
  A bat (D:3)
  A giant cockroach (D:1)
  4 goblins
  A hobgoblin (D:1)
  4 rats
12 creatures vanquished.

Notes
Turn   | Place    | Note
-------+----------+-------------------------------------------
     0 | D:1      | Esekla the Deep Elf Wanderer began the quest for the Orb.
     0 | D:1      | Esekla set off with the following items: a +2 dagger, a
                  | potion of heal wounds, a +0 spear, 9 poisoned darts, a +0
                  | dagger, a +0 robe, a ration
     0 | D:1      | Reached XP level 1. HP: 12/12 MP: 3/3
   525 | D:1      | Reached XP level 2. HP: 15/16 MP: 4/4
  1220 | D:4      | Found Dejussoa's General Store.
  1239 | D:4      | Slain by a hound

Illustrated notes

Levels and vault maps discovered:
D:1:      giann_forest_graveyard, layout_basic, minmay_stone_trees_small
D:2:      layout_basic, grunt_temple_overflow_growth_and_decay,
          lemuel_zombie_altar_yredelemnul, first_ration,
          chequers_ecumenical_altar_simple_redux,
          nicolae_ru_great_annihilating_truth, uniq_robin, uniq_sigmund
D:3:      layout_loops_cross
D:4:      layout_loops_cross, grunt_temple_overflow_gold_and_silver,
          gammafunk_ghost_grave, serial_shops, nicolae_shop_statue_plus, shop,
          trog_book

Action                   || total
-------------------------++-------
Melee: Dagger            ||    38
Throw: Dart              ||     6
 Stab: Sleeping          ||     3
Armor: Robe              ||     4
Dodge: Dodged            ||    21

Table legend:
 A = Non-vault XP
 B = Vault XP
 C = Vault XP percentage of total XP
 D = Non-vault monster count
 E = Vault monster count
 F = Vault count percentage of total count
                 A         B        C        D         E       F
            +---------+---------+-------+---------+---------+-------
      Total |      20 |       0 |   0.0 |      12 |       0 |   0.0
            +---------+---------+-------+---------+---------+-------
        D:1 |      14 |       0 |   0.0 |       8 |       0 |   0.0
        D:2 |       3 |       0 |   0.0 |       2 |       0 |   0.0
        D:3 |       3 |       0 |   0.0 |       2 |       0 |   0.0
            +---------+---------+-------+---------+---------+-------
